 Dungeon Crawl Stone Soup version 0.32-a0-711-g016ad743e0 (webtiles) character file.

Game seed: 5313161324587248407

678 cojito the Trooper (level 7, -6/63 HPs)
             Began as a Mountain Dwarf Monk on Mar 15, 2024.
             Was a Priest of Yredelemnul.
             Killed by divine providence
             ... invoked by an orc priest
              (8 damage)
             ... on level 5 of the Dungeon.
             The game lasted 00:06:20 (3109 turns).

cojito the Trooper (Mountain Dwarf Monk)            Turns: 3109, Time: 00:06:21

Health: -6/63      AC:  7    Str: 16    XL:     7   Next: 34%
Magic:  9/9        EV: 10    Int: 10    God:    Yredelemnul [***...]
Gold:   329        SH:  0    Dex: 12    Spells: 6/6 levels left

rFire   . . .        a - +0 hand axe
rCold   . . .        d - orb {light}
rNeg    . . .        m - +0 ring mail
rPois   .            (no helmet)
rElec   .            (no cloak)
rCorr   .            (no gloves)
SInv    .            g - +0 pair of boots
Will    .....        (no amulet)
Stlth   +            (no ring)
HPRegen 0.30/turn    (no ring)
MPRegen 0.11/turn

%: no passive effects
@: no status effects
A: runic magic, artefact enchanting
a: Renounce Religion, Light the Black Torch, Recall Undead Harvest, Hurl
Torchlight


You were on level 5 of the Dungeon.
You worshipped Yredelemnul.
Yredelemnul was noncommittal.
You visited 1 branch of the dungeon, and saw 5 of its levels.

You collected 329 gold pieces.

Inventory:

Hand Weapons
 a - a +0 hand axe (weapon)
 p - a +1 spear of venom
Missiles
 t - a throwing net (quivered)
Armour
 d - an orb of light (worn)
 g - a +0 pair of boots (worn)
 m - a +0 ring mail (worn)
Jewellery
 q - a +6 ring of strength
Scrolls
 f - 2 scrolls of poison {unknown}
 h - a scroll of immolation
 i - 4 scrolls of teleportation {unknown}
 k - a scroll of revelation {unknown}
 n - a scroll of enchant armour {unknown}
 o - 2 scrolls of fog {unknown}
 s - a scroll of enchant weapon {unknown}
Potions
 b - 2 potions of haste {unknown}
 c - 2 potions of heal wounds {unknown}
 e - a potion of berserk rage {unknown}
 j - a potion of mutation
 l - a potion of curing
 r - a potion of might {unknown}


   Skills:
 * Level 6.2 Fighting
 + Level 5.4 Axes
 * Level 5.0 Armour
 - Level 2.1 Dodging
 * Level 3.2 Invocations


You had 6 spell levels left.
You didn't know any spells.
Your spell library was empty.

Dungeon Overview and Level Annotations

Branches:
Dungeon (5/15)             Temple (0/1) D:4

Altars:
Ru
Yredelemnul


Innate Abilities, Weirdness & Mutations

Your spellcasting is much less encumbered by armour.
You can use scrolls of enchantment on lesser artefacts.


Message History

An orc comes into view. It is wielding a +0 hand axe.
An orc priest comes into view.
It is wielding a +0 whip of electrocution.
Your wight closely misses the orc priest.
The orc priest hits your wight with a +0 club.
Things that are here:
a +0 leather armour; a +0 whip; an orc corpse You swap places.
An orc wizard comes into view. It is wielding a +0 dagger.
An orc comes into view. It is wielding a +0 club.
Something closely misses your wight. The orc priest hits you with a +0 club.
* * * LOW HITPOINT WARNING * * *
You slash the orc priest!
The orc priest is heavily wounded.
A magic dart appears from out of thin air!
Deactivating autopickup; reactivate with Ctrl-A.
The magic dart hits you.
* * * LOW HITPOINT WARNING * * *
Your black bear zombie bites the orc priest but does no damage.
Your black bear zombie claws the orc priest but does no damage.
Your black bear zombie claws the orc priest.
The orc priest calls down the wrath of Beogh upon you.
Beogh smites you!
* * * LOW HITPOINT WARNING * * *
The orc priest hits you but does no damage.
You hit the orc priest.
The orc priest is almost dead.
You barely miss the orc. You barely miss the phantom.
Your iguana zombie bites something but does no damage.
Your black bear zombie bites the orc priest but does no damage.
Your black bear zombie claws the orc priest.
The orc priest dies!
Their soul becomes fuel for the torch.
The orc hits you but does no damage. The phantom closely misses you.
You swap places.
The orc hits you with a +0 flail.
* * * LOW HITPOINT WARNING * * *
The orc hits your iguana zombie with a +0 hand axe.
The orc priest invokes the aid of Beogh against you.
Beogh smites you!
You die...
Your body rises from the dead as a mindless zombie.

.#.........###
...........#. ............
### ...........#####...
...................
...................
.........Z>..o.....
.......!@zWZoo.....
.#......o##.)..)...
########.#...))).....P
##..........#.#.##)......~~
#.............[.#..#...♣~~P
...............#).....P~~~~
................[####..~~~~
...............<## ..~~P~
................# ..P~~~


You could see a phantom, an orc priest, 3 orcs, a friendly wight (summoned), a
friendly iguana zombie and a friendly black bear zombie.

Vanquished Creatures
  A human (D:3)
  2 iguanas
  An orc wizard (D:2)
  8 gnolls
  5 adders
  A white imp (D:5)
  3 dart slugs
  A ribbon worm (D:1)
  4 orcs
  6 ball pythons
  4 bats
  7 endoplasms
  6 giant cockroaches
  12 goblins
  7 hobgoblins
  12 jackals
  6 kobolds
  7 quokkas
  5 frilled lizards
  5 rats
103 creatures vanquished.

Vanquished Creatures (collateral kills)
  A black bear (D:5)
  A scorpion (D:4)
  A howler monkey (D:4)
  An orc priest (D:5)
  An orc wizard (D:5)
  8 gnolls
  2 adders
  2 orcs (D:5)
  2 ball pythons (D:4)
  2 jackals (D:4)
  2 kobolds (D:4)
23 creatures vanquished.

Vanquished Creatures (others)
  2 gnoll zombies (D:5)
2 creatures vanquished.

Grand Total: 128 creatures vanquished

Notes
Turn   | Place    | Note
-------+----------+-------------------------------------------
     0 | D:1      | cojito the Mountain Dwarf Monk began the quest for the Orb.
     0 | D:1      | Reached XP level 1. HP: 19/19 MP: 1/1
   148 | D:1      | Reached skill level 1 in Armour
   166 | D:1      | Reached XP level 2. HP: 25/26 MP: 2/2
   229 | D:1      | Reached XP level 3. HP: 31/33 MP: 3/3
   257 | D:1      | Found a faded altar of an unknown god.
   265 | D:1      | Reached skill level 4 in Fighting
   688 | D:2      | Reached XP level 4. HP: 40/40 MP: 4/4
  1394 | D:2      | Reached XP level 5. HP: 29/47 MP: 5/5
  1961 | D:3      | Reached skill level 5 in Fighting
  2174 | D:3      | Found a runed translucent door.
  2174 | D:3      | Noticed a human
  2180 | D:3      | Found a basalt altar of Yredelemnul.
  2197 | D:3      | Killed a human
  2210 | D:3      | Became a worshipper of Yredelemnul the Fallen
  2210 | D:3      | Reached * piety under Yredelemnul
  2210 | D:3      | Reached ** piety under Yredelemnul
  2382 | D:4      | HP: 2/48 [gnoll/+0 flail (10)]
  2391 | D:4      | Reached XP level 6. HP: 5/56 MP: 6/6
  2664 | D:4      | Reached skill level 1 in Invocations
  2697 | D:4      | Reached skill level 5 in Axes
  2717 | D:4      | Found a staircase to the Ecumenical Temple.
  3008 | D:5      | Entered Level 5 of the Dungeon
  3043 | D:5      | Found a sacrificial altar of Ru.
  3051 | D:5      | Reached skill level 6 in Fighting
  3051 | D:5      | Reached XP level 7. HP: 30/63 MP: 7/9
  3077 | D:5      | Reached *** piety under Yredelemnul
  3094 | D:5      | Reached skill level 5 in Armour
  3107 | D:5      | HP: 3/63 [orc priest/divine providence (12)]
  3109 | D:5      | Killed from afar by an orc priest

Illustrated notes

Levels and vault maps discovered:
D:1:      dpeg_arrival_snail, layout_rooms, hellmonk_ecumenical_altar_blasted
D:2:      layout_rooms
D:3:      layout_loops_ring, dk_yredelemnul_ordeal
D:4:      layout_layer_cave, temple_pool_b
D:5:      lemuel_ratsnest, layout_rooms, nicolae_overflow_hidden_temple,
          portal_sewer_entry_a, serial_bayou_pond_b

Skill      XL: |  1  2  3  4  5  6  7 |
---------------+----------------------+-----
Armour         | 1 2 3 4 5 |  5.0
Axes           | 4 5 |  5.4
Fighting       | 4 5 6 |  6.2
Invocations    | 2 3 |  3.2
Dodging        | |  2.1

Action                     |  1- 3 |  4- 6 |  7- 9 || total
---------------------------+-------+-------+-------++-------
  Melee: Hand axe          |   114 |   231 |    15 ||   360
 Invoke: Light the Black T |       |     3 |       ||     3
    Use: Potion            |     1 |     3 |       ||     4
         Scroll            |       |     2 |       ||     2
   Stab: Distracted        |       |     1 |       ||     1
 Armour: Robe              |    88 |    67 |       ||   155
         Ring mail         |       |   124 |    20 ||   144
  Dodge: Dodged            |   110 |   155 |     7 ||   272

Table legend: (Time is in decaauts)
 A = Elapsed time spent in this place.
 B = Non-inter-level travel time spent in this place.
 C = Inter-level travel time spent in this place.
 D = Time resting spent in this place.
 E = Time spent auto-exploring this place.
 F = Levels seen in this place.
 G = Mean time per level.
                   A        B        C        D        E       F      G
               +--------+--------+--------+--------+--------+-----+--------+
         Total |   3143 |   3004 |    139 |    541 |   1378 |   5 |  628.6 |
       Dungeon |   3143 |   3004 |    139 |    541 |   1378 |   5 |  628.6 |
               +--------+--------+--------+--------+--------+-----+--------+

Top non-repeatable levels by time:
     D:3: 833 daAuts
     D:1: 832 daAuts
     D:2: 732 daAuts
     D:4: 642 daAuts
     D:5: 102 daAuts
